 Dungeon Crawl Stone Soup version 0.31-a0-823-ga682863bf0 (webtiles) character file.

Game seed: 11992252139617419923

2060 qw the Skirmisher (level 9, 0/55 HPs)
             Began as a Gargoyle Hunter on Sept 23, 2023.
             Killed from afar by Maggie (7 damage)
             ... with a bolt of fire
             ... on level 7 of the Dungeon.
             The game lasted 00:02:03 (4879 turns).

qw the Skirmisher (Gargoyle Hunter)                 Turns: 4879, Time: 00:02:04

Health: 0/55       AC: 14    Str: 14    XL:     9   Next: 25%
Magic:  9/9        EV: 13    Int: 11    God:
Gold:   429        SH:  0    Dex: 23    Spells: 8/8 levels left

rFire   . . .        n - +2 orcbow (heavy)
rCold   + . .        (shield currently unavailable)
rNeg    + . .        e - +0 ring mail
rPois   inf          (no helmet)
rElec   +            i - +0 cloak
rCorr   .            k - +0 pair of gloves
SInv    .            (no boots)
Will    .....        (no amulet)
Stlth   ++           d - ring of protection from cold
HPRegen 0.29/turn    l - +6 ring of dexterity
MPRegen 0.11/turn

%: no passive effects
@: about to teleport
A: sickness immunity, AC +6, negative energy resistance 1, electricity
resistance, torment resistance 1, petrification resistance
a: no special abilities


You were on level 7 of the Dungeon.
You visited 2 branches of the dungeon, and saw 8 of its levels.

You collected 429 gold pieces.


Innate Abilities, Weirdness & Mutations

You are immune to sickness and miasma.
Your stone body is resilient. (AC +6)
You are immune to poison.
You resist negative energy. (rN+)
You are resistant to electric shocks. (rElec)
You are resistant to unholy torment.
You are immune to petrification.


   Skills:
 - Level 6.0 Fighting
 - Level 10.0 Ranged Weapons
 + Level 2.2 Armour
 - Level 4.5 Dodging
 - Level 1.1 Stealth


You had 8 spell levels left.
You didn't know any spells.
Your spell library was empty.

Inventory:

Hand Weapons
 n - a +2 heavy orcbow (weapon)
Armour
 e - a +0 ring mail (worn)
 i - a +0 cloak (worn)
 k - a +0 pair of gloves (worn)
Jewellery
 d - a ring of protection from cold (left hand)
 l - a +6 ring of dexterity (right hand)
 p - a ring of protection from fire
Scrolls
 a - a scroll of identify
Potions
 b - 3 potions of heal wounds
 f - 2 potions of might
 g - 2 potions of curing
 h - a potion of mutation
 j - a potion of degeneration {unknown}
 m - a potion of invisibility {unknown}
 q - a potion of lignification {unknown}

Dungeon Overview and Level Annotations

Branches:
Dungeon (7/15)             Temple (1/1) D:6

Altars:
Ashenzari
Cheibriados
Dithmenos
Elyvilon
Fedhas
Hepliaklqana
Kikubaaqudgha
Nemelex Xobeh
Qazlal
Ru
Trog
Vehumet
Wu Jian
The Shining One

Shops:
D:3 (

Annotations:
D:2 1 runed translucent door, Crazy Yiuf
D:5 2 transporters
D:6 3 runed translucent doors, qw's ghost, amateur GrHu; qw's ghost, novice GrHu
D:7 Maggie


Message History

You shoot an arrow. The arrow hits Maggie.
Maggie is lightly wounded.
An orc comes into view. It is wielding a +0 hand axe.
The orc moves out of view.
You shoot an arrow.
The arrow hits Maggie but does no damage.
Maggie is lightly wounded.
You hear a shout!
You shoot an arrow. The arrow closely misses Maggie.
Maggie gestures wildly while chanting.
Maggie attempts to bespell you!
You are mesmerised by Maggie!
You shoot an arrow. The arrow hits Maggie.
Maggie is lightly wounded.
Maggie hits you from afar with a +2 glaive of pain!
Maggie mutters to herself, "Master Lance won't take me back.
This is the way forward."
Maggie completely misses you.
You shoot an arrow. The arrow barely misses Maggie.
Maggie closely misses you.
You shoot an arrow. The arrow closely misses Maggie.
Maggie closely misses you. Maggie gestures at you while chanting.
The bolt of fire misses you.
You shoot an arrow. The arrow hits Maggie!!
Maggie is severely wounded.
Maggie hits you from afar with a +2 glaive of pain.
You writhe in agony.
You shoot an arrow. The arrow completely misses Maggie.
You break out of your daze.
Maggie gestures at you while chanting. The bolt of fire hits you!!
Maggie barely misses you.
You shoot an arrow. The arrow closely misses Maggie.
Maggie hits you from afar with a +2 glaive of pain!
Maggie misses you.
4879 ||| READING scroll of teleportation.
As you read the scroll of teleportation, it crumbles to dust.
You feel strangely unstable. Maggie casts a spell at you.
The bolt of fire hits you!
You die...

### #.. +.. ###..
##### #....
###.####...# #.###
.)..o@.....####..#
#...# #@...##....#
###.# #....##.##.#
#.# #....##.##.# #.#
.####....##.##.# #
#.#
#.........##.##.#.#
#.#
#######..(##.##.#.#
#.# ................#
#.#
##########.##.#####.#
.........#.......#


You could see Maggie and an orc.

Vanquished Creatures
  Pikel (D:7)
  Grinder (D:4)
  Menkaure (D:5)
  A water moccasin (D:5)
  A black bear (D:6)
  2 kobold brigands
  A bullfrog (D:6)
  2 scorpions
  5 hounds
  An orc priest (D:6)
  2 gnoll boudas (D:5)
  A sleepcap (D:5)
  Terence (D:2)
  An iguana (D:5)
  4 orc wizards
  15 gnolls
  6 adders
  A shadow imp (D:5)
  A white imp (D:6)
  A worm (D:2)
  A dart slug (D:4)
  20 orcs
  9 ball pythons
  4 bats
  9 endoplasms
  3 giant cockroaches
  12 goblins
  13 hobgoblins
  2 jackals (D:4)
  5 quokkas
  11 frilled lizards
  12 kobolds
  8 rats
158 creatures vanquished.

Notes
Turn   | Place    | Note
-------+----------+-------------------------------------------
     0 | D:1      | qw the Gargoyle Hunter began the quest for the Orb.
     0 | D:1      | Reached XP level 1. HP: 12/12 MP: 1/1
     0 | D:1      | 0 ||| qw: Version: 0.3-a-83-gcd0e7d8
     0 | D:1      | 0 ||| qw: Game counter: 1766
     0 | D:1      | 0 ||| qw: Melee chars always use a shield: true
     0 | D:1      | 0 ||| qw: God list: Okawaru
     0 | D:1      | 0 ||| qw: Allow faded altars: false
     0 | D:1      | 0 ||| qw: Do Orc after clearing Dungeon:15 true
     0 | D:1      | 0 ||| qw: Do second Lair branch before Depths: true
     0 | D:1      | 0 ||| qw: Lair rune preference: random
     0 | D:1      | 0 ||| qw: Goals: Normal
     0 | D:1      | 0 ||| PLANNING D:1-11
    37 | D:1      | Reached XP level 2. HP: 15/17 MP: 2/2
   217 | D:1      | Reached XP level 3. HP: 21/21 MP: 3/3
   227 | D:1      | Reached skill level 5 in Ranged Weapons
   483 | D:1      | 483 ||| UPGRADING to +0 cloak.
   488 | D:1      | 488 ||| UPGRADING to ring of protection from cold.
   489 | D:1      | 489 ||| READING 2 scrolls labelled EMUMUA VOORGH.
   490 | D:1      | 490 ||| READING scroll labelled HEAXKIKHLUPS.
   491 | D:1      | 491 ||| READING scroll labelled ZAROZOMUEFA.
   492 | D:1      | 492 ||| READING scroll labelled EDUNI GEXTO.
   493 | D:1      | 493 ||| READING scroll labelled GUTUUNL VUZIASA.
   498 | D:1      | 498 ||| READING scroll labelled EMMOGAZ UPS.
   499 | D:1      | 499 ||| DROPPING scroll of butterflies.
   758 | D:2      | Found a runed translucent door.
   759 | D:2      | Noticed Crazy Yiuf
   818 | D:2      | Reached skill level 3 in Fighting
   825 | D:2      | Reached XP level 4. HP: 26/28 MP: 4/4
   903 | D:2      | Found a faded altar of an unknown god.
   977 | D:2      | Noticed Terence
   992 | D:2      | Killed Terence
   993 | D:2      | Reached skill level 6 in Ranged Weapons
   993 | D:2      | Reached XP level 5. HP: 25/32 MP: 5/5
  1391 | D:2      | 1391 ||| READING scroll labelled QISIODGHAORCH.
  1392 | D:2      | 1392 ||| READING scroll labelled URO USADITOTEES.
  1393 | D:2      | 1393 ||| READING scroll labelled JUEZAL BIJYC.
  1446 | D:3      | Found Evusom's Weapon Emporium.
  1604 | D:3      | Reached skill level 1 in Armour
  1890 | D:3      | 1890 ||| UPGRADING to +0 pair of gloves.
  1895 | D:3      | 1895 ||| UPGRADING to +6 ring of dexterity.
  1896 | D:3      | 1896 ||| DRINKING 3 silvery potions.
  2036 | D:4      | Noticed a kobold brigand
  2044 | D:4      | Killed a kobold brigand
  2045 | D:4      | Reached XP level 6. HP: 39/39 MP: 6/6
  2739 | D:4      | Noticed Grinder
  2752 | D:4      | Paralysed by Grinder for 5 turns
  2757 | D:4      | Killed Grinder
  2758 | D:4      | Reached skill level 7 in Ranged Weapons
  2758 | D:4      | Reached XP level 7. HP: 43/44 MP: 7/7
  2878 | D:4      | 2878 ||| READING scroll labelled OSOCED TISHRIEW.
  2879 | D:4      | 2879 ||| READING scroll labelled AGEQEEHASU.
  2879 | D:4      | Identified a scroll of acquirement
  2879 | D:4      | 2879 ||| ACQUIRING +1 heavy orcbow
  2879 | D:4      | Acquired a +1 heavy orcbow
  2881 | D:4      | 2881 ||| SWAPPING to +1 heavy orcbow.
  2882 | D:4      | 2882 ||| DROPPING +1 shortbow.
  2883 | D:4      | 2883 ||| READING 2 scrolls of identify.
  2883 | D:4      | 2883 ||| IDENTIFYING yellow potion
  2884 | D:4      | 2884 ||| DROPPING potion of attraction.
  2908 | D:5      | Entered Level 5 of the Dungeon
  2909 | D:5      | 2909 ||| PLANNING OSSUARY
  2947 | D:5      | Found a transporter.
  2949 | D:5      | Found a transporter.
  2985 | D:5      | Identified the +2 trident of Apuiq {chaos, rF+ rC+ rN+
                  | Dex-5}
  3023 | D:5      | Noticed Menkaure
  3032 | D:5      | Killed Menkaure
  3033 | D:5      | Reached skill level 8 in Ranged Weapons
  3077 | D:5      | Reached XP level 8. HP: 21/49 MP: 8/8
  3156 | D:5      | 3156 ||| FLEEEEING.
  3201 | D:5      | 3201 ||| FLEEEEING.
  3202 | D:5      | 3202 ||| FLEEEEING.
  3203 | D:5      | 3203 ||| FLEEEEING.
  3275 | D:5      | Found a radiant altar of Vehumet.
  3462 | D:5      | Reached skill level 9 in Ranged Weapons
  3598 | D:5      | 3598 ||| RIP OSSUARY
  3599 | D:5      | 3599 ||| PLANNING D:1-11
  3603 | D:5      | 3603 ||| FLEEEEING.
  3605 | D:5      | 3605 ||| FLEEEEING.
  3606 | D:5      | 3606 ||| STAIRDANCE
  3652 | D:4      | 3652 ||| UPGRADING to +0 ring mail.
  3662 | D:4      | 3662 ||| DROPPING +0 leather armour.
  3663 | D:4      | 3663 ||| READING 3 scrolls of identify.
  3663 | D:4      | 3663 ||| IDENTIFYING viscous blue potion
  3664 | D:4      | 3664 ||| READING 2 scrolls of identify.
  3664 | D:4      | 3664 ||| IDENTIFYING bubbling brown potion
  3802 | D:5      | 3802 ||| RETREEAATING.
  3803 | D:5      | 3803 ||| STILL RETREEAATING.
  3804 | D:5      | 3804 ||| STILL RETREEAATING.
  4026 | D:5      | 4026 ||| READING scroll labelled CIYRATH WACA.
  4046 | D:6      | Reached skill level 6 in Fighting
  4046 | D:6      | 4046 ||| FLEEEEING.
  4047 | D:6      | 4047 ||| FLEEEEING.
  4048 | D:6      | 4048 ||| FLEEEEING.
  4053 | D:6      | 4053 ||| STAIRDANCE
  4076 | D:6      | 4076 ||| STAIRDANCE
  4254 | D:6      | 4254 ||| READING scroll of enchant weapon.
  4254 | D:6      | 4254 ||| ENCHANTING +1 heavy orcbow.
  4322 | D:6      | Found a staircase to the Ecumenical Temple.
  4323 | D:6      | 4323 ||| PLANNING TEMPLE
  4323 | D:6      | 4323 ||| READING 2 scrolls of identify.
  4323 | D:6      | 4323 ||| IDENTIFYING fuming ruby potion
  4324 | D:6      | 4324 ||| DROPPING potion of berserk rage.
  4336 | Temple   | Entered the Ecumenical Temple
  4337 | Temple   | 4337 ||| PLANNING D:1-11
  4391 | D:6      | Found a bloodstained altar of Trog.
  4561 | D:6      | Found a runed translucent gate.
  4561 | D:6      | Found a runed translucent gate.
  4561 | D:6      | Found a runed translucent gate.
  4562 | D:6      | Noticed qw's ghost (novice GrHu)
  4562 | D:6      | Noticed qw's ghost (amateur GrHu)
  4562 | D:6      | Noticed qw's ghost (novice GrHu)
  4564 | D:6      | Noticed qw's ghost (novice GrHu)
  4726 | D:6      | 4726 ||| READING 2 scrolls of identify.
  4726 | D:6      | 4726 ||| IDENTIFYING sedimented amethyst potion
  4779 | D:7      | Reached skill level 10 in Ranged Weapons
  4816 | D:7      | Noticed Pikel
  4820 | D:7      | Killed Pikel
  4821 | D:7      | Reached XP level 9. HP: 55/55 MP: 9/9
  4868 | D:7      | Noticed Maggie
  4878 | D:7      | HP: 7/55 [Maggie/+2 glaive of pain (13)]
  4879 | D:7      | 4879 ||| READING scroll of teleportation.
  4879 | D:7      | Killed from afar by Maggie

Levels and vault maps discovered:
D:1:      lemuel_arrival_rhombus, layout_basic
D:2:      layout_basic, shapermc_ecumenical_altar_pompeii,
          kennysheep_generic_room_5, uniq_crazy_yiuf_cottage, uniq_terence
D:3:      layout_rooms, serial_shops, nicolae_diamond_shop
D:4:      layout_loops_corners, serial_bayou, serial_bayou_lagoon_b,
          serial_bayou_lake_a, serial_bayou_pond_c, serial_bayou_pond_d,
          uniq_grinder
D:5:      layout_basic, nicolae_vehumet_altar_sigil,
          gammafunk_ghost_gnarly_gnolls, enter_ossuary_2, sigmund_army,
          uniq_menkaure
D:6:      layout_basic, lightli_temple_of_fire,
          minmay_temple_entry_stoned_glass, gammafunk_ghost_cemetery,
          hangedman_decor_opposing
D:7:      layout_basic, kennysheep_little_box, minmay_diced_spiral, uniq_maggie,
          uniq_pikel
Temple:   nicolae_temple_ecumenical_triangle

Skill      XL: |  1  2  3  4  5  6  7  8 |
---------------+-------------------------+-----
Ranged Weapons | 5 6 7 8 10 | 10.0
Fighting       | 3 4 5 6 |  6.0
Armour         | 1 2 |  2.2
Dodging        | 2 4 |  4.5
Stealth        | |  1.1

Action                     |  1- 3 |  4- 6 |  7- 9 || total
---------------------------+-------+-------+-------++-------
   Fire: Shortbow          |   108 |   157 |       ||   265
         Orcbow            |       |       |   159 ||   159
    Use: Scroll            |     6 |     3 |    10 ||    19
         Potion            |       |     1 |       ||     1
 Armour: Leather armour    |    22 |    34 |    72 ||   128
         Ring mail         |       |       |    37 ||    37
  Dodge: Dodged            |    33 |    39 |    86 ||   158

Table legend:
 A = Non-vault XP
 B = Vault XP
 C = Vault XP percentage of total XP
 D = Non-vault monster count
 E = Vault monster count
 F = Vault count percentage of total count
                 A         B        C        D         E       F
            +---------+---------+-------+---------+---------+-------
      Total |    1756 |    1187 |  40.3 |     148 |      10 |   6.3
            +---------+---------+-------+---------+---------+-------
        D:1 |      45 |       0 |   0.0 |      28 |       0 |   0.0
        D:2 |     110 |      42 |  27.6 |      28 |       4 |  12.5
        D:3 |      20 |       0 |   0.0 |      16 |       0 |   0.0
        D:4 |     357 |     290 |  44.8 |      19 |       1 |   5.0
        D:5 |     798 |     214 |  21.1 |      39 |       4 |   9.3
        D:6 |     340 |       0 |   0.0 |      16 |       0 |   0.0
        D:7 |      86 |     641 |  88.2 |       2 |       1 |  33.3
            +---------+---------+-------+---------+---------+-------
